 Dungeon Crawl Stone Soup version 0.30-a0-1074-g5db6f66fbb (webtiles) character file.

Game seed: 5312941473353918155

585 jimonade the Grasshopper (level 7, -10/56 HPs)
             Began as a Gnoll Warper on Apr 14, 2023.
             Was an Initiate of Cheibriados.
             Mangled by an ice beast (11 damage)
             ... on level 5 of the Dungeon.
             The game lasted 00:08:56 (4783 turns).

jimonade the Grasshopper (Gnoll Warper)             Turns: 4783, Time: 00:08:57

Health: -10/56     AC:  5    Str: 11    XL:     7   Next: 37%
Magic:  15/15      EV: 12    Int: 13    God:    Cheibriados [......]
Gold:   177        SH:  0    Dex: 15    Spells: 13/17 levels left

rFire   . . .      SeeInvis .    b - +1 whip (flame)
rCold   . . .      Faith    .    (no shield)
rNeg    . . .      Spirit   .    t - +0 ring mail
rPois   .          Reflect  .    (no helmet)
rElec   .          Rampage  .    (no cloak)
rCorr   .                        (no gloves)
Will    .....                    (no boots)
Stlth   ++                       (no amulet)
HPRegen 0.29/turn                (no ring)
MPRegen 0.14/turn                (no ring)

@: very slow
A: fangs 1, strong nose, distributed training
a: Renounce Religion


You were on level 5 of the Dungeon.
You worshipped Cheibriados.
Cheibriados was noncommittal.
You visited 2 branches of the dungeon, and saw 6 of its levels.

You collected 177 gold pieces.

Inventory:

Hand Weapons
 a - a +2 dagger of venom
 b - a +1 whip of flaming (weapon)
 f - a +0 dagger
 i - a +0 whip
 k - a +0 short sword
 n - a +0 mace
 u - a +1 antimagic dagger
 x - a +0 spear
 y - a +1 flail of holy wrath
Missiles
 d - 7 boomerangs of dispersal
 g - 15 stones
 l - 4 boomerangs
 p - 10 poisoned darts (quivered)
Armour
 s - a +0 leather armour
 t - a +0 ring mail (worn)
Scrolls
 c - 3 scrolls of blinking
 e - 2 scrolls of identify {unknown}
 j - 2 scrolls of enchant armour {unknown}
 m - a scroll of fog {unknown}
 A - a scroll of poison {unknown}
Potions
 h - 2 potions of heal wounds {unknown}
 o - a potion of haste {unknown}
 q - a potion of mutation {unknown}
 r - a potion of flight {unknown}
 v - 2 potions of brilliance {unknown}
 w - a potion of lignification {unknown}
 z - a potion of attraction {unknown}
 B - a potion of invisibility {unknown}


   Skills:
 + Level 5.3 Fighting
 + Level 5.3 Short Blades
 + Level 2.5 Long Blades
 + Level 2.5 Axes
 + Level 2.5 Maces & Flails
 + Level 2.5 Polearms
 + Level 2.5 Staves
 + Level 2.5 Ranged Weapons
 + Level 3.7 Throwing
 + Level 3.7 Armour
 + Level 5.3 Dodging
 + Level 2.5 Stealth
 + Level 2.5 Shields
 + Level 2.5 Unarmed Combat
 + Level 5.6 Spellcasting
 + Level 2.1 Conjurations
 + Level 2.1 Hexes
 + Level 2.1 Summonings
 + Level 2.1 Necromancy
 + Level 5.8 Translocations
 + Level 2.1 Transmutations
 + Level 2.1 Fire Magic
 + Level 2.1 Ice Magic
 + Level 2.1 Air Magic
 + Level 2.1 Earth Magic
 + Level 2.1 Poison Magic
 + Level 2.8 Invocations
 + Level 2.5 Evocations


You had 13 spell levels left.
You knew the following spells:

 Your Spells              Type           Power      Damage    Failure   Level
a - Blink                 Tloc           38%        N/A       5%          2
b - Lesser Beckoning      Tloc           38%        N/A       5%          2

Your spell library contained the following spells:

 Spells                   Type           Power      Damage    Failure   Level
 Gell's Gravitas          Tloc           19%        N/A       11%         3
 Teleport Other           Tloc           19%        N/A       11%         3
 Portal Projectile        Hex/Tloc       28%        N/A       22%         3
 Vhi's Electric Charge    Tloc/Air       28%        N/A       22%         3
 Manifold Assault         Tloc           19%        N/A       34%         4
 Inner Flame              Hex/Fire       9%         N/A       45%         3
 Tukima's Dance           Hex            9%         N/A       45%         3
 Flame Wave               Conj/Fire      9%         2d6       86%         4
 Sticky Flame             Conj/Fire      9%         2d3       86%         4
 Summon Forest            Summ/Tloc      7%         N/A       91%         5
 Blade Hands              Tmut           4%         N/A       99%         5
 Summon Mana Viper        Hex/Summ       9%         N/A       99%         5
 Summon Cactus Giant      Summ           4%         N/A       100%        6


Dungeon Overview and Level Annotations

Branches:
Dungeon (4/15)             Temple (1/1) D:4

Altars:
Ashenzari
Cheibriados
Dithmenos
Elyvilon
Fedhas
Gozag
Hepliaklqana
Kikubaaqudgha
Makhleb
Ru
Sif Muna
Vehumet
Xom
Zin
The Shining One

Shops:
D:4 *


Innate Abilities, Weirdness & Mutations

You have very sharp teeth.
Your uncanny sense of smell can sniff out nearby items.
Your experience applies equally to all skills.


Message History

Found a shortbow.
Your +2 dagger of venom stops dripping with poison.
Your +1 whip of flaming bursts into flame!
b - a +1 whip of flaming (weapon)
You hit the ice beast but do no damage. The ice beast barely misses you.
You hit the ice beast but do no damage. The ice beast completely misses you.
You hit the ice beast but do no damage.
The ice beast hits you but does no damage.
You hit the ice beast but do no damage. The ice beast barely misses you.
You hit the ice beast.
You melt the ice beast.
The ice beast is moderately wounded.
The ice beast misses you.
You hit the ice beast but do no damage.
The ice beast is moderately wounded.
The ice beast barely misses you.
You hit the ice beast.
You melt the ice beast.
The ice beast is moderately wounded.
The ice beast misses you.
You hit the ice beast but do no damage.
The ice beast is moderately wounded.
The ice beast hits you. The ice beast freezes you!
You barely miss the ice beast.
You bite the ice beast, but do no damage.
The ice beast is moderately wounded.
The ice beast hits you. The ice beast freezes you!
You hit the ice beast.
You melt the ice beast.
The ice beast is severely wounded.
The ice beast hits you. The ice beast freezes you!
You hit the ice beast.
You melt the ice beast.
The ice beast is severely wounded.
The ice beast hits you.
* * * LOW HITPOINT WARNING * * *
The ice beast freezes you!
* * * LOW HITPOINT WARNING * * *
You hit the ice beast but do no damage.
The ice beast is severely wounded.
The ice beast hits you.
* * * LOW HITPOINT WARNING * * *
The ice beast freezes you!
You die...

#.# #.##.# #.#.#.#
#.#♣._## #.#
#.##.# #.....#
#.'...8# #.#
#.##.# ###.###
###♣._##
##.###.##.# #.#
##.# .......#..#
#.# ###
##.#####.## #.# ∆
#.# #.# #.# #.#
#.# #.###### #.#
#.# #.@Y...# ..#
#.# ######.#
#######.###### .#
#.........$.#####
)#
#.####..........#
Y# #..........#
..###
#............#...o
#.
#..........#...#
###.##
#.............#


You could see an ice beast.

Vanquished Creatures
  Edmund (D:5)
  A lemure (D:5)
  A scorpion (D:5)
  2 orc priests
  A jelly (D:5)
  Terence (D:2)
  3 orc wizards
  An iguana (D:4)
  2 sleepcaps (D:5)
  5 adders
  A white imp (D:5)
  2 dart slugs
  8 orcs
  11 bats
  7 endoplasms
  4 giant cockroaches
  5 goblins
  12 hobgoblins
  6 kobolds
  3 quokkas
  5 ball pythons
  A frilled lizard (D:1)
  4 rats
87 creatures vanquished.

Notes
Turn   | Place    | Note
-------+----------+-------------------------------------------
     0 | D:1      | jimonade the Gnoll Warper began the quest for the Orb.
     0 | D:1      | Reached XP level 1. HP: 20/20 MP: 6/6
    61 | D:1      | Reached XP level 2. HP: 25/26 MP: 7/7
   376 | D:1      | Reached skill level 5 in Spellcasting
   376 | D:1      | Reached XP level 3. HP: 31/31 MP: 7/9
   605 | D:1      | Reached skill level 1 in Invocations
   934 | D:2      | Noticed Terence
   954 | D:2      | Killed Terence
   955 | D:2      | Reached skill level 1 in Long Blades
   955 | D:2      | Reached skill level 1 in Axes
   955 | D:2      | Reached skill level 1 in Maces & Flails
   955 | D:2      | Reached skill level 1 in Polearms
   955 | D:2      | Reached skill level 1 in Staves
   955 | D:2      | Reached skill level 1 in Ranged Weapons
   955 | D:2      | Reached skill level 1 in Stealth
   955 | D:2      | Reached skill level 1 in Shields
   955 | D:2      | Reached skill level 1 in Unarmed Combat
   955 | D:2      | Reached skill level 1 in Evocations
   955 | D:2      | Reached XP level 4. HP: 10/38 MP: 11/11
  1422 | D:2      | Found a faded altar of an unknown god.
  1477 | D:2      | Reached skill level 1 in Conjurations
  1477 | D:2      | Reached skill level 1 in Hexes
  1477 | D:2      | Reached skill level 1 in Summonings
  1477 | D:2      | Reached skill level 1 in Necromancy
  1477 | D:2      | Reached skill level 1 in Transmutations
  1477 | D:2      | Reached skill level 1 in Fire Magic
  1477 | D:2      | Reached skill level 1 in Ice Magic
  1477 | D:2      | Reached skill level 1 in Air Magic
  1477 | D:2      | Reached skill level 1 in Earth Magic
  1477 | D:2      | Reached skill level 1 in Poison Magic
  2018 | D:3      | Reached XP level 5. HP: 16/43 MP: 12/12
  3096 | D:4      | Reached XP level 6. HP: 38/50 MP: 13/13
  3167 | D:4      | Found a staircase to the Ecumenical Temple.
  3178 | Temple   | Entered the Ecumenical Temple
  3244 | Temple   | Became a worshipper of Cheibriados the Contemplative
  3286 | D:4      | Learned a level 2 spell: Blink
  3289 | D:4      | Learned a level 2 spell: Lesser Beckoning
  3329 | D:4      | Found Ecusomej's Assorted Antiques.
  3345 | D:4      | Reached skill level 5 in Fighting
  3345 | D:4      | Reached skill level 5 in Short Blades
  3345 | D:4      | Reached skill level 5 in Dodging
  3549 | D:4      | Found a shadowy altar of Dithmenos.
  3575 | D:4      | You fall into a shaft and drop 1 floor!
  3575 | D:5      | Entered Level 5 of the Dungeon
  3744 | D:5      | Noticed an ice beast
  3783 | D:5      | Noticed Edmund
  3802 | D:5      | Killed Edmund
  3803 | D:5      | Reached XP level 7. HP: 32/56 MP: 12/15
  4452 | D:5      | Found a hazy altar of Hepliaklqana.
  4453 | D:5      | Found a blossoming altar of Fedhas.
  4783 | D:5      | HP: 1/56 [ice beast (3)]
  4783 | D:5      | Mangled by an ice beast

Illustrated notes

Levels and vault maps discovered:
D:1:      dpeg_arrival_rhombus, layout_basic, corexii_hall_statues_s
D:2:      layout_basic, nicolae_ecumenical_pavilion, kennysheep_generic_room_16,
          uniq_terence
D:3:      layout_rooms, patterned_corridor
D:4:      layout_basic, lemuel_doored_altar, minmay_temple_entry_tees,
          serial_shops, shop, hangedman_abyss_or_decor_jellyfish_corner
D:5:      layout_loops_ring, gammafunk_temple_overflow_statue, uniq_edmund,
          uniq_pikel
Temple:   nicolae_temple_x_marks_the_god

Skill      XL: |  1  2  3  4  5  6  7 |
---------------+----------------------+-----
Spellcasting   | 5 |  5.6
Invocations    | 1 2 |  2.8
Long Blades    | 1 2 |  2.5
Axes           | 1 2 |  2.5
Maces & Flails | 1 2 |  2.5
Polearms       | 1 2 |  2.5
Staves         | 1 2 |  2.5
Ranged Weapons | 1 2 |  2.5
Stealth        | 1 2 |  2.5
Shields        | 1 2 |  2.5
Unarmed Combat | 1 2 |  2.5
Evocations     | 1 2 |  2.5
Conjurations   | 1 2 |  2.1
Hexes          | 1 2 |  2.1
Summonings     | 1 2 |  2.1
Necromancy     | 1 2 |  2.1
Transmutations | 1 2 |  2.1
Fire Magic     | 1 2 |  2.1
Ice Magic      | 1 2 |  2.1
Air Magic      | 1 2 |  2.1
Earth Magic    | 1 2 |  2.1
Poison Magic   | 1 2 |  2.1
Throwing       | 3 |  3.7
Armour         | 3 |  3.7
Fighting       | 5 |  5.3
Short Blades   | 5 |  5.3
Dodging        | 5 |  5.3
Translocations | |  5.8

Action                     |  1- 3 |  4- 6 |  7- 9 || total
---------------------------+-------+-------+-------++-------
  Melee: Short sword       |   109 |       |       ||   109
         Bite              |    16 |    17 |    11 ||    44
         Punch             |     3 |     3 |     2 ||     8
         Dagger            |    37 |   200 |    57 ||   294
         Whip              |       |       |    12 ||    12
  Throw: Dart              |       |     8 |       ||     8
         Boomerang         |       |       |     3 ||     3
   Cast: Blink             |       |     1 |       ||     1
   Stab: Sleeping          |     1 |     3 |       ||     4
 Armour: Leather armour    |    47 |     6 |       ||    53
         Ring mail         |       |    39 |     9 ||    48
  Dodge: Dodged            |    80 |    90 |    30 ||   200

Table legend: (Time is in decaauts)
 A = Elapsed time spent in this place.
 B = Non-inter-level travel time spent in this place.
 C = Inter-level travel time spent in this place.
 D = Time resting spent in this place.
 E = Time spent auto-exploring this place.
 F = Levels seen in this place.
 G = Mean time per level.
                   A        B        C        D        E       F      G
               +--------+--------+--------+--------+--------+-----+--------+
         Total |   4860 |   4798 |     62 |   1423 |   2248 |   6 |  810.0 |
       Dungeon |   4781 |   4730 |     51 |   1423 |   2202 |   5 |  956.2 |
        Temple |     79 |     68 |     11 |      0 |     46 |   1 |   79.0 |
               +--------+--------+--------+--------+--------+-----+--------+

Top non-repeatable levels by time:
     D:5: 1302 daAuts
     D:1: 1204 daAuts
     D:3: 1128 daAuts
     D:2: 674 daAuts
     D:4: 471 daAuts
  Temple: 79 daAuts
